[Event "Hungarian Championship Women 2022"]
[Site "Budapest"]
[Date "2022.12.10"]
[Round "6.3"]
[White "Demeter, Dorina"]
[Black "Terbe, Julianna"]
[Result "1/2-1/2"]
[ECO "D10"]
[WhiteElo "2149"]
[BlackElo "2282"]
[Annotator "TA"]
[PlyCount "49"]
[EventDate "2022.12.03"]
[EventType "tourn"]
[EventCountry "HUN"]
[SourceTitle "playchess.com"]
[Source "ChessBase"]
[SourceQuality "1"]
[TimeControl "40/5400+30:1800+30"]

1. d4 d5 2. c4 c6 3. cxd5 cxd5 4. Bf4 Nf6 5. Nc3 Nc6 6. e3 Bf5 7. Qb3 Na5 $1 8. Qa4+ {[%emt 0:00:19] D10: Slav Defence: 3 cxd5 (without early Nf3) and 3 Nc3.} Bd7 9. Qc2 {[%emt 0:00:21] White wants to play Nb5.} e6 10. Nf3 {[%emt 0:00:32] The position is equal.} Be7 11. Bd3 Nc6 12. a3 Nh5 13. Be5 ({Reject} 13. Bxh7 g6 14. Bxg6 Nxf4 15. exf4 fxg6 16. Qxg6+ Kf8 $17) 13... f6 {[%emt 0:00:06] Prevents g4.} 14. Bg3 {[%emt 0:01:47] 14.Bf4 is vanishing.} f5 15. Ne5 Rc8 16. Nxc6 Rxc6 {[%emt 0:00:06] [#]} 17. Qe2 $146 ({Predecessor:} 17. Be5 Nf6 18. f3 O-O 19. O-O Be8 20. Qd2 Nd7 21. Bg3 Nb6 22. b3 a6 23. Rfc1 Bg6 24. Ne2 Rxc1+ 25. Qxc1 {0-1 (47) Asaka,S (2153)-Kojima,S (2497) Tokyo 2018}) 17... Nf6 18. f3 O-O 19. O-O Be8 20. Rfc1 g5 21. Be5 Nd7 22. Bg3 Nf6 23. Be5 Nd7 24. Bg3 Nf6 25. Be5 {[%emt 0:00:17] Weighted Error Value: White=0.07 (flawless) /Black=0.02 (flawless)} 1/2-1/2

[Event "Hungarian Championship Women 2022"]
[Site "Budapest"]
[Date "2022.12.10"]
[Round "6.4"]
[White "Karacsonyi, Kata"]
[Black "Erdos, Boglarka"]
[Result "1-0"]
[ECO "C55"]
[WhiteElo "2109"]
[BlackElo "2180"]
[Annotator "TA"]
[PlyCount "53"]
[EventDate "2022.12.03"]
[EventType "tourn"]
[EventCountry "HUN"]
[SourceTitle "playchess.com"]
[Source "ChessBase"]
[SourceQuality "1"]
[TimeControl "40/5400+30:1800+30"]

1. e4 e5 2. Nf3 Nc6 3. d4 exd4 4. Bc4 Nf6 5. e5 d5 6. Bb5 Ne4 7. Nxd4 Bd7 8. Bxc6 bxc6 9. O-O Be7 10. f3 Nc5 11. Nc3 O-O {[%emt 0:12:48] C56: Two Knights: 4 d4 exd4 5 0-0 Nxe4.} 12. Qe2 Ne6 {[%emt 0:09:05] [#]} 13. Nf5 $146 ({Predecessor:} 13. Nxe6 fxe6 14. f4 Rb8 15. b3 Bb4 16. Bd2 Qe7 17. Nd1 Qc5+ 18. Ne3 Be8 19. Kh1 Bxd2 20. Qxd2 {½-½ (29) Schouten,J (2037)-Tikranian,A (2120) Utrecht 2016}) 13... Bc5+ {[%emt 0:01:10] Black is slightly better.} 14. Kh1 $1 Nd4 15. Nxd4 Bxd4 16. f4 Qc8 ({Black should try} 16... Bb6 $11) 17. Qd3 $14 Bb6 {[%emt 0:01:06] [#]} (17... Bxc3 $14 18. Qxc3 a5) 18. f5 $1 $16 {[%emt 0:09:43] White is more active.} Re8 {[%emt 0:06:24] [#]} 19. e6 fxe6 20. f6 gxf6 $2 {[%emt 0:01:21][%mdl 8192] This move loses the game for Black.} (20... Rf8 $16) 21. Bh6 {[%emt 0:12:17] White is clearly winning.} Kh8 22. Rxf6 {[%emt 0:00:24] White threatens Rf7 and mate.} Rg8 23. Raf1 {[%emt 0:05:41] Threatening mate with Rf7.} ({Less strong is} 23. Rf7 Rg6 $16) 23... Qe8 24. Rf7 Rg6 25. Rf8+ Qxf8 26. Bxf8 Kg8 27. Qf3 {[%emt 0:00:24] Weighted Error Value: White=0.18 (very precise) /Black=0.33} 1-0

[Event "Hungarian Championship Women 2022"]
[Site "Budapest"]
[Date "2022.12.10"]
[Round "6.5"]
[White "Mihok-Juhasz, Barbara"]
[Black "Szente Varga, Fruzsina"]
[Result "0-1"]
[ECO "C04"]
[WhiteElo "2206"]
[BlackElo "2075"]
[Annotator "TA"]
[PlyCount "56"]
[EventDate "2022.12.03"]
[EventType "tourn"]
[EventCountry "HUN"]
[SourceTitle "playchess.com"]
[Source "ChessBase"]
[SourceQuality "1"]
[TimeControl "40/5400+30:1800+30"]

1. e4 e6 2. d4 d5 3. Nd2 Nc6 4. Ngf3 Nf6 5. e5 Nd7 6. Bd3 f6 {[%emt 0:01:05] [#]} 7. Ng5 $1 Ndxe5 {[%emt 0:16:13] C04: French Tarrasch: 3...Nc6.} 8. dxe5 fxg5 9. Qh5+ Kd7 {[%emt 0:01:31] [#] White is slightly better. is the new trend.} 10. O-O $146 (10. Nf3 $14) ({Predecessor:} 10. Nf3 g6 11. Qg4 h5 12. Qa4 g4 13. Nd4 Bc5 14. c3 a6 15. O-O Rb8 16. Be3 {1-0 (32) Naroditsky,D (2621)-Timofeev,A (2580) Chess.com INT 2020}) 10... Nxe5 $15 11. Be2 Bd6 12. c4 c6 {[%emt 0:01:56] Prevents b4.} 13. b4 Qf6 14. f4 $2 (14. Bb2 $17) 14... gxf4 {[%emt 0:08:06] ...g6 is the strong threat.} 15. Nb3 (15. Rb1 $142) 15... Ng6 (15... dxc4 16. Rxf4 Qe7 17. Nc5+ Kc7 18. Rf2 $15) (15... Nxc4 $142 16. Bxc4 dxc4) 16. b5 Qh4 (16... Ke7 $19 {And now ...e5 would win.} 17. Rd1 Nh4) 17. bxc6+ bxc6 {[%emt 0:00:03] Threatens to win with ...Rf8.} 18. cxd5 (18. Qxh4 $142 Nxh4 19. Bxf4) 18... cxd5 19. Bb5+ Ke7 20. Qd1 (20. Qxh4+ {is a better defense.} Nxh4 21. Bxf4 Bxf4 22. Rxf4) 20... Rf8 21. Nd4 {[%emt 0:02:02] Inhibits f3.} Kf7 22. g3 (22. Rb1 $142) 22... Qe7 23. gxf4 Kg8 24. f5 Qh4 (24... exf5 $2 {perishes.} 25. Qe2) 25. Nf3 (25. Rf2 $142) 25... Qg4+ $19 26. Kh1 Rxf5 ({Less strong is} 26... exf5 27. Qxd5+ Kh8 28. Bc6 $14 (28. Qxa8 Nh4 $16)) 27. Bd3 (27. Qd4 $142 Nf4 28. Qg1 Qxg1+ 29. Kxg1) 27... Rh5 28. Be2 {[%emt 0:03:06] [#]} (28. Rb1 $19 Ne5 29. Rb2 Nxd3 30. Qxd3) 28... Qg3 {[%emt 0:02:04] Weighted Error Value: White=1.15/Black=0.66} 0-1

[Event "Hungarian Championship Women 2022"]
[Site "Budapest"]
[Date "2022.12.11"]
[Round "7.1"]
[White "Szente Varga, Fruzsina"]
[Black "Terbe, Zsuzsanna"]
[Result "0-1"]
[ECO "B06"]
[WhiteElo "2075"]
[BlackElo "2114"]
[Annotator "TA"]
[PlyCount "80"]
[EventDate "2022.12.03"]
[EventType "tourn"]
[EventCountry "HUN"]
[SourceTitle "playchess.com"]
[Source "ChessBase"]
[SourceQuality "1"]
[TimeControl "40/5400+30:1800+30"]

1. e4 g6 2. d4 Bg7 3. Nc3 d6 4. Be3 a6 5. f4 b5 6. a3 {[%emt 0:02:22] B06: Modern Defence.} Nd7 7. Be2 Bb7 8. Nf3 (8. Bf3 {might be stronger.}) 8... c5 9. O-O (9. dxc5 {simplifies} Bxc3+ 10. bxc3 Nxc5 11. Bxc5 dxc5 12. Qxd8+ Rxd8 13. e5) 9... Ngf6 10. Ng5 cxd4 11. Bxd4 {[%emt 0:00:14] aiming for e5.} e5 12. Be3 {[%emt 0:01:55] [#]} h6 $146 ({Predecessor:} 12... exf4 13. Rxf4 Ne5 14. Nd5 Nxd5 15. exd5 Qxg5 16. Qd2 Qe7 17. Raf1 O-O 18. Re4 f5 19. Rb4 Rac8 20. b3 Rfe8 21. a4 Nf7 {0-1 (21) Azimova,K (2072)-Arakhamia Grant,K (2374) Riga 2017}) 13. Nh3 Qc7 14. Nf2 Rd8 (14... O-O {simplifies} 15. Qd2 Rad8 16. fxe5 dxe5 17. Bxh6 Nc5) 15. Bxb5 axb5 $17 16. Nxb5 Qc6 17. Nxd6+ Ke7 18. Nxb7 Qxb7 19. b4 (19. Qd3 $15) 19... Nxe4 20. Nxe4 Qxe4 21. Re1 Qc4 22. Rb1 Ra8 (22... e4 $19 {is more deadly. ...f5 is the strong threat.} 23. Qe2 Qxe2 24. Rxe2 Rc8) 23. fxe5 Bxe5 (23... Rhd8 {feels hotter.} 24. Rb3 Nxe5 25. Bc5+ Ke8) 24. Bd4 {[%emt 0:06:34] [#] This costs White the game.} (24. Bc5+ $2 Nxc5 25. Rxe5+ Ne6 $19) (24. Rb3 $1 $15 f6 25. Rd3) 24... f6 $1 $19 (24... Qe6 25. b5 $17) 25. Rb3 Kf7 26. Rd3 {[%emt 0:01:23] [#] Threatens to win with Bxe5.} Rhe8 ({Black should try} 26... Qc7 $1 $19 27. Rc3 Bxd4+ 28. Qxd4 Qa7 29. Qxa7 Rxa7) 27. Bf2 (27. Ba1 $17 Kf8 28. Rf1 (28. Rxd7 $2 Bxh2+ 29. Kh1 Bg3 $19) 28... Bxa1 29. Qxa1) 27... Nf8 28. Rf1 Ne6 {[%emt 0:04:25] Against Bd4} (28... Qf4 29. Bg3 Qc4 30. Bxe5 Rxe5 31. Qa1 $17 (31. Qf3 $2 Ra6 $19)) 29. Qf3 Rac8 (29... Qxc2 $2 30. Bg3 Bb2 31. Qe4 $19) 30. Bg3 Ng5 31. Qd1 Bxg3 (31... Qxc2 $2 32. Rd7+ Kg8 33. Bxe5 Qxd1 34. Rdxd1 fxe5 35. Rd6) 32. hxg3 Re7 (32... Qxc2 33. Rd7+ Kg8 34. Qd5+ Kh8 35. Qd4 $15) 33. Rd6 (33. Rd7 $142) 33... Ne4 (33... Qxc2 34. Rfxf6+ Kg7 35. Rxg6+ (35. Qxc2 Rxc2 36. Rxg6+ Kf8 $17) 35... Qxg6 36. Rxg6+ Kxg6 37. b5 $11) 34. Rb6 (34. Rd7 {is a better defense.}) 34... Rcc7 35. Kh2 Rc6 (35... Qxc2 $2 36. Qd4 Qc3 37. Qxc3 Rxc3 38. a4 $19) 36. Rb8 (36. Rxc6 Qxc6 37. Rf4) 36... Rce6 $2 (36... Qxc2 37. Qd8 f5 38. Qf8+ Ke6 39. g4 $11 (39. Qxh6 Kd5 $17) (39. Re1 $2 Qd3 $19)) (36... Rd6 37. Qe1 Nd2 38. Rxf6+ Kxf6 39. Qf2+ Kg5) 37. Rf4 (37. Qd8 $142 Re8 38. Rb7+ R6e7 39. Qd3) 37... Qc7 38. Rd8 {[%emt 0:00:21] [#]} (38. Qd8 $19 Qxd8 39. Rxd8) 38... Nxg3 $1 {[%emt 0:02:00][%mdl 512] Black mates.} 39. Rdd4 (39. Kxg3 Re3+) 39... Ne2 40. Rc4 Qb8 {[%emt 0:00:00] Weighted Error Value: White=0.67/Black=0.38} 0-1

[Event "Hungarian Championship Women 2022"]
[Site "Budapest"]
[Date "2022.12.11"]
[Round "7.2"]
[White "Erdos, Boglarka"]
[Black "Mihok-Juhasz, Barbara"]
[Result "1-0"]
[ECO "B30"]
[WhiteElo "2180"]
[BlackElo "2206"]
[Annotator "TA"]
[PlyCount "67"]
[EventDate "2022.12.03"]
[EventType "tourn"]
[EventCountry "HUN"]
[SourceTitle "playchess.com"]
[Source "ChessBase"]
[SourceQuality "1"]
[TimeControl "40/5400+30:1800+30"]

1. e4 c5 2. Nf3 Nc6 3. Bb5 Na5 4. O-O a6 5. Be2 e6 6. d4 {[%emt 0:05:20] B30: Sicilian: 2...Nc6 3 Bb5, lines without ...g6.} cxd4 7. Nxd4 Qc7 8. Nc3 {[%emt 0:05:19] White is slightly better.} Nf6 9. a3 {[%emt 0:07:40] [#]} d6 $146 ({Predecessor:} 9... b5 10. f4 Bb7 11. e5 Nd5 12. Ne4 Be7 13. Kh1 Nc4 14. Qd3 f5 15. exf6 Nxf6 {1-0 (26) Madol,G (1851)-Yuot Mabut,D (2010) Juba 2022}) 10. Qd3 Bd7 11. b3 Rc8 12. Bd2 Nc6 (12... Be7 {keeps more tension.} 13. Qg3 O-O 14. Bd3 Nc6) 13. Rae1 Be7 14. Nxc6 Bxc6 15. Bd1 O-O 16. Qg3 Rfd8 (16... b5 {seems wilder.} 17. Bh6 Ne8 18. Nb1 Bb7) 17. h4 Kh8 18. Kh1 b5 19. f3 Rd7 20. Na2 Bb7 21. Qf2 (21. Nb4 $17 {was worth a try.}) 21... Qd8 22. g3 (22. Nc1 $17 {was necessary.}) 22... e5 $19 23. Nb4 d5 24. exd5 Nxd5 25. Nd3 f6 (25... Bxa3 26. Rxe5 Bd6 27. Re2 $17) 26. h5 Nc3 27. Bxc3 Rxc3 28. h6 g6 (28... gxh6 $2 29. Qd2 Rcc7 30. b4) 29. Qe2 Qc7 30. Kg2 Bf8 (30... Bxa3 $2 {loses.} 31. Rh1 $19) 31. Rh1 Rd4 (31... Bxa3 $2 {perishes.} 32. g4 $19) 32. Qf2 Bc5 $2 ({Don't take} 32... Bxa3 {[#]} 33. Qxd4 $3 Bd6 34. Qf4 $3 $18 ) (32... a5 $19 {Hoping for ...a4.} 33. Rh4 Rxh4 34. gxh4 Bxh6) 33. Nxc5 $17 Rxc5 {[%emt 0:01:28][%mdl 8192] [#]} (33... Qxc5 $17 34. Re3 Rxe3 35. Qxe3 Qxa3) 34. Qxd4 $3 {[%emt 0:00:38][%mdl 512] What a bad dream for Black.   Weighted Error Value: White=0.25 (precise) /Black=0.38} 1-0

[Event "Hungarian Championship Women 2022"]
[Site "Budapest"]
[Date "2022.12.11"]
[Round "7.3"]
[White "Terbe, Julianna"]
[Black "Karacsonyi, Kata"]
[Result "1/2-1/2"]
[ECO "A05"]
[WhiteElo "2282"]
[BlackElo "2109"]
[Annotator "TA"]
[PlyCount "73"]
[EventDate "2022.12.03"]
[EventType "tourn"]
[EventCountry "HUN"]
[SourceTitle "playchess.com"]
[Source "ChessBase"]
[SourceQuality "1"]
[TimeControl "40/5400+30:1800+30"]

1. Nf3 Nf6 2. c4 e6 3. g3 b6 4. Bg2 Bb7 5. O-O Be7 6. Nc3 O-O 7. Re1 d5 8. cxd5 exd5 9. d4 Nbd7 10. Bf4 c5 11. Rc1 {[%emt 0:00:07] E17: Queen's Indian: 4 g3 Bb7 5 Bg2 Be7.} Ne4 12. a3 Ndf6 (12... Nxc3 {simplifies} 13. Rxc3 Re8 14. dxc5 bxc5 15. e4 dxe4 16. Nd2 Nf6) 13. dxc5 {[%emt 0:08:04] Hoping for Nxe4.} (13. Ne5 {simplifies} Nxc3 14. Rxc3 a5 15. Rc1) 13... Bxc5 14. Nd4 {[%emt 0:02:29] [#]} Ng4 $146 ({Predecessor:} 14... Nxc3 15. Rxc3 Ne4 16. Rc1 Qf6 17. Be3 a5 18. Qa4 Rfe8 19. Red1 h5 20. Qd7 Re7 {1-0 (41) Labollita,M (2454)-Rosito,J (2426) Tres de Febrero 2003}) 15. f3 Nxc3 16. Rxc3 {[%emt 0:01:58] Dancing on a razor blade.} Qf6 ({Not} 16... g5 17. fxg4 gxf4 18. gxf4 $16) 17. e3 Ne5 18. g4 (18. b4 $14 Bd6 19. Bxe5 Qxe5 20. f4) 18... Nc4 $11 {[%emt 0:05:52] [#] Strongly threatening ...g5. The position is equal.} 19. b4 {[%emt 0:16:49] Prevents g5.} Bxd4 20. Qxd4 Qxd4 21. exd4 Rfe8 22. Rxe8+ Rxe8 23. Kf2 b5 24. h4 f6 25. Bf1 Bc6 26. Bd3 g6 27. Rc2 a6 28. h5 Kg7 29. Rc1 Bd7 30. Rh1 Be6 31. Ra1 (31. hxg6 {simplifies} hxg6 32. Bh6+ Kf7 33. Bc1) 31... Bd7 32. Rh1 Be6 33. hxg6 hxg6 34. Re1 Bf7 35. Ra1 Rc8 36. Be2 Nb2 37. Rb1 {[%emt 0:00:48] Weighted Error Value: White=0.09 (flawless) /Black=0.07 (flawless)} 1/2-1/2

[Event "Hungarian Championship Women 2022"]
[Site "Budapest"]
[Date "2022.12.11"]
[Round "7.4"]
[White "Ivan-Gal, Hanna Krisztina"]
[Black "Demeter, Dorina"]
[Result "1/2-1/2"]
[ECO "C64"]
[WhiteElo "2164"]
[BlackElo "2149"]
[Annotator "TA"]
[PlyCount "73"]
[EventDate "2022.12.03"]
[EventType "tourn"]
[EventCountry "HUN"]
[SourceTitle "playchess.com"]
[Source "ChessBase"]
[SourceQuality "1"]
[TimeControl "40/5400+30:1800+30"]

1. e4 e5 2. Nf3 Nc6 3. Bb5 Bc5 4. O-O d6 5. c3 a6 6. Ba4 Bd7 {[%emt 0:04:27] C70: Ruy Lopez: 3...a6 4 Ba4, Norwegian and Delayed Schliemann.} 7. d4 Ba7 $1 {[%emt 0:01:39][%mdl 4] outshines the older 7...exd4.} 8. dxe5 Nxe5 {[%emt 0:07:32] [#]} 9. Bxd7+ $146 ({Predecessor:} 9. Nxe5 dxe5 10. Bxd7+ Qxd7 11. Qxd7+ Kxd7 12. Rd1+ Ke6 13. Kf1 Ne7 14. Na3 Rad8 15. Rxd8 Rxd8 {½-½ (51) Caicedo Solano,E (1842)-Virviescas Sanchez,C (1610) Bucaramanga 2022}) 9... Qxd7 10. Bf4 Ng6 (10... f6 {with more complications.} 11. b4 O-O-O 12. Nbd2 g5) 11. Bg3 h5 {[%emt 0:05:12] [#] aiming for ...h4.} 12. h3 $1 Nf6 13. Nbd2 O-O-O 14. Nd4 h4 15. Bh2 Ne5 16. N2f3 Nxe4 (16... Rde8 {simplifies} 17. Re1 Nxf3+ 18. Qxf3 d5) 17. Bxe5 ({Much worse is} 17. Nxe5 dxe5 18. Bxe5 Rhe8 $17) 17... dxe5 18. Nxe5 Qd5 19. Qg4+ Kb8 20. Nxf7 Qxf7 21. Qxe4 Bxd4 22. cxd4 Qd5 23. Qc2 (23. Qxd5 {simplifies} Rxd5 24. Rae1 Rxd4 25. Re7) 23... Qxd4 24. Rac1 Qf4 25. Qg6 Rhf8 26. Rc2 Rd5 27. b3 Rg5 (27... Qe5 {simplifies} 28. Rc4 Rd4 29. Rxd4 Qxd4 30. Qc2 g5) 28. Qd3 c6 (28... Qf6 $11 {keeps the balance.}) 29. Rc4 $16 Qf6 30. Qe4 ({White should try} 30. Rxh4 $14 Rd8 31. Qc4) 30... Rh8 {[%emt 0:02:19] The position is equal.} 31. Rd4 (31. Qf4+ {simplifies} Qxf4 32. Rxf4 Ra5 33. a4) 31... Re5 32. Qd3 Rhe8 33. Rd6 Qf4 34. Rd4 Qf6 35. Rd6 Qf4 36. Rd4 Qf6 37. Rd6 {[%emt 0:01:02] Weighted Error Value: White=0.09 (flawless) /Black=0.11 (very precise)} 1/2-1/2

[Event "Hungarian Championship Women 2022"]
[Site "Budapest"]
[Date "2022.12.11"]
[Round "7.5"]
[White "Dudas, Eszter"]
[Black "Havanecz, Bianka"]
[Result "1/2-1/2"]
[ECO "B13"]
[WhiteElo "2135"]
[BlackElo "2210"]
[Annotator "TA"]
[PlyCount "86"]
[EventDate "2022.12.03"]
[EventType "tourn"]
[EventCountry "HUN"]
[SourceTitle "playchess.com"]
[Source "ChessBase"]
[SourceQuality "1"]
[TimeControl "40/5400+30:1800+30"]

1. e4 c6 2. d4 d5 3. exd5 cxd5 4. Nf3 Nc6 5. Ne5 Nf6 6. Bb5 {[%emt 0:00:39] B13: Caro-Kann: Exchange Variation and Panov-Botvinnik Attack.} Bd7 7. Nxd7 Qxd7 8. c3 e6 9. Nd2 Bd6 10. O-O O-O 11. Re1 a6 12. Bd3 b5 13. Nf3 Qc7 14. g3 b4 15. Bg5 Nd7 {[%emt 0:02:51] [#]} 16. Qc2 $146 (16. c4 $14) ({Predecessor:} 16. c4 dxc4 17. Bxc4 Na5 18. Bd3 Nb6 19. Qe2 Qb7 20. Rac1 Rfc8 21. Rxc8+ Qxc8 22. Qe4 {1-0 (29) Ramoutar,A (2445)-Magold,F (2244) Arad 2022}) 16... h6 $11 17. Be3 bxc3 18. bxc3 Rfc8 19. Qe2 a5 20. a4 Ne7 21. Rec1 Nb6 22. Nd2 Kh8 23. Qf3 Ng8 24. c4 dxc4 25. Nxc4 Nxc4 26. Bxc4 Qe7 27. d5 $1 e5 28. Bb5 Rf8 29. Bc6 {[%emt 0:03:00] Prevents f5. White is more active.} ({White should try} 29. Rc6 $16) 29... Rab8 30. Bd2 {[%emt 0:03:05] A strong pair of Bishops.} (30. Qf5 {feels hotter.} Nf6 31. Re1 g6 32. Qc2) 30... Bb4 (30... f5 $11) 31. Bxb4 $16 Rxb4 32. Rd1 {[%emt 0:00:32] Black must now prevent d6.} (32. Qe3 {is interesting.} Rc8 33. Rc5 Rb3 34. Qxb3 Qxc5 35. Qb5) 32... Qd6 33. Rab1 Rxb1 34. Rxb1 f5 {[%emt 0:00:06] [#]} 35. Qc3 $1 f4 36. Qxa5 Ne7 {[%emt 0:04:05] [#]} 37. Qb4 (37. Bb7 $1 $18 {and White stays clearly on top.}) 37... Qf6 38. Qb2 (38. Qb6 $16) 38... Nxc6 $11 {[%emt 0:01:45] The position is equal.} 39. dxc6 Qxc6 40. Qxe5 {[%emt 0:00:00] Hoping for a5.} Qxa4 41. gxf4 Rxf4 {[%emt 0:12:47] aiming for ...Rg4+.} 42. Qd5 Rg4+ 43. Kh1 Qe4+ {[%emt 0:02:09] Weighted Error Value: White=0.12 (very precise) /Black=0.11 (very precise)} 1/2-1/2

[Event "Hungarian Championship Women 2022"]
[Site "Budapest"]
[Date "2022.12.12"]
[Round "8.1"]
[White "Terbe, Zsuzsanna"]
[Black "Havanecz, Bianka"]
[Result "1-0"]
[ECO "A35"]
[WhiteElo "2114"]
[BlackElo "2210"]
[Annotator "TA"]
[PlyCount "195"]
[EventDate "2022.12.03"]
[EventType "tourn"]
[EventCountry "HUN"]
[SourceTitle "playchess.com"]
[Source "ChessBase"]
[SourceQuality "1"]
[TimeControl "40/5400+30:1800+30"]

1. c4 c5 2. Nc3 Nc6 3. Nf3 g6 4. e3 Bg7 5. d4 cxd4 6. exd4 d6 7. Be2 Nf6 (7... e6 $11) 8. d5 $16 {[%emt 0:00:33] A35: Symmetrical English: 2 Nc3 Nc6 3 Nf3.} Nb8 9. Nd4 Nbd7 10. Be3 {[%emt 0:02:15] White is better.} O-O 11. O-O {[%emt 0:00:11] White is much more active. The black rooks are badly placed.} a6 12. h3 Nc5 13. Bf3 {[%emt 0:05:23] [#]} Rb8 $146 ({Predecessor:} 13... Bd7 14. b4 e5 15. bxc5 exd4 16. Bxd4 Rc8 17. cxd6 Rxc4 18. Be2 Rc8 19. Rc1 Bf5 {1-0 (28) Schott,D-Trautz,R DESC email 2010}) 14. Re1 Re8 15. Qd2 Qc7 16. Rac1 Ncd7 17. b3 Nf8 18. Be2 Qa5 19. Nc2 Bd7 20. b4 {[%emt 0:01:42] Inhibits e6.} Qd8 21. Nd4 Rc8 {[%emt 0:01:33] Prevents c5.} 22. Nb3 b6 (22... e6 $16) 23. c5 $18 bxc5 24. bxc5 dxc5 25. Bxa6 ({Don't play} 25. Nxc5 $6 Qa5 $16) 25... Ra8 (25... Rb8 $142 26. Nxc5 (26. Bxc5 Rxb3 27. axb3 Qa5 $11) 26... Qa5) 26. Nxc5 Bc8 27. Bb5 Bd7 28. Nxd7 N6xd7 29. a4 Qa5 30. Bd4 {[%emt 0:02:05] This pair of bishops is nice.} Rac8 31. Bxg7 Kxg7 32. Qd4+ Kg8 33. Ne4 {[%emt 0:00:12] Against Rc5} Red8 34. Red1 Nb6 35. Rxc8 Nxc8 36. Qc3 Qxc3 37. Nxc3 Nd7 38. a5 Nc5 39. Ra1 Na7 40. a6 Nxb5 41. Nxb5 {[%emt 0:03:11] [#] aiming for a7.} Nxa6 42. Rxa6 Rxd5 {[%emt 0:00:05][%mdl 4096] Endgame KRN-KR} 43. Nc3 Rd7 44. Ne4 Kg7 45. g4 h6 46. Kg2 Rb7 47. Ng3 Rc7 48. Ne2 Rd7 49. Nf4 Rb7 50. Kg3 Rb3+ {[%emt 0:01:00] [#]} 51. f3 $1 Rb7 {[%emt 0:00:05] Against Ra7} (51... e5 {was necessary.}) 52. h4 Rd7 (52... g5 {might work better.} 53. Nh3 Rb5) 53. h5 g5 54. Ng2 e6 55. Ne3 Rc7 56. Rb6 Rc3 57. Kf2 Rc7 58. Ke2 Ra7 59. Nc2 Rc7 60. Kd3 Rd7+ 61. Ke3 Rc7 62. Nd4 {[%emt 0:00:18][%cal Ob6e6] And now Rxe6! would win.} Ra7 63. Nc6 Rd7 64. Ke4 Kf6 65. Rb8 Rc7 66. Ne5 Ra7 67. Rb4 {[%emt 0:00:39] Against Ra4} Rc7 68. Rd4 {[%emt 0:01:03] Black must now prevent Rd7.} Ra7 69. Nd7+ Ke7 70. Nb6 Rb7 71. Rb4 {[%emt 0:02:31] Intending Nc8+ and mate.} Rc7 {[%emt 0:00:31] Inhibits Nc8+.} 72. Rc4 Rb7 73. Rc6 Kf6 74. Rd6 Ke7 75. Nc4 Rc7 76. Rd4 Kf6 77. Ne5 $2 ({White should play} 77. Nb2 $18 Rb7 78. Nc4) 77... Rb7 $2 (77... Ra7 $1 $11 {and Black has nothing to worry.} 78. Nd7+ Kg7) 78. Nd3 Rc7 79. Rd8 Rc4+ 80. Ke3 Rc7 81. Nf2 Kg7 82. Ne4 Ra7 83. Nc5 Ra3+ 84. Rd3 Ra5 85. Nb7 Rb5 $2 (85... Ra7 86. Nc5 Rc7) 86. Rd7 Rb3+ 87. Kf2 Kg8 88. Nd8 f5 89. Nxe6 fxg4 90. fxg4 {[%emt 0:00:05] Threatening mate with Rg7+.} Rb6 91. Rg7+ Kh8 92. Rg6 Rb2+ 93. Kf3 Kh7 94. Nd4 Ra2 95. Nf5 Ra3+ 96. Ke2 Ra2+ 97. Kd3 Ra3+ 98. Ke4 {Weighted Error Value: White=0.13 (very precise) /Black=0.21 (precise)} 1-0

[Event "Hungarian Championship Women 2022"]
[Site "Budapest"]
[Date "2022.12.12"]
[Round "8.2"]
[White "Demeter, Dorina"]
[Black "Dudas, Eszter"]
[Result "0-1"]
[ECO "D35"]
[WhiteElo "2149"]
[BlackElo "2135"]
[Annotator "TA"]
[PlyCount "66"]
[EventDate "2022.12.03"]
[EventType "tourn"]
[EventCountry "HUN"]
[SourceTitle "playchess.com"]
[Source "ChessBase"]
[SourceQuality "1"]
[TimeControl "40/5400+30:1800+30"]

1. d4 d5 2. c4 e6 3. Nc3 Nf6 4. cxd5 exd5 5. Bg5 c6 6. e3 Bd6 7. Bd3 O-O 8. Qc2 {[%emt 0:04:24][%cal Od3h7] With the idea Bxh7+! D35: Queen's Gambit Declined: Exchange Variation.} h6 9. Bh4 Re8 10. Nge2 {[%emt 0:02:10] White has an edge.} a5 11. h3 Na6 12. a3 {[%emt 0:01:48] Prevents Nb4.} Nc7 13. O-O Ne6 14. f3 Ng5 15. Bxg5 (15. f4 $14 Ne6 16. Ng3) 15... hxg5 $11 16. e4 Bf4 {[%emt 0:26:50] [#]} 17. Nxf4 $146 (17. e5 {keeps more tension.} Nh5 18. Nxf4 gxf4 19. Qd2) ({Predecessor:} 17. e5 Nh5 18. Nd1 Qb6 19. Kh1 Re6 20. Bh7+ Kh8 21. Bf5 Rh6 22. Bxc8 Rxc8 23. Nf2 {1-0 (36) Quispe Arteaga,G (2392)-Serrano Almendros,A (2071) Salobrena 2021}) 17... gxf4 (17... dxe4 $5 18. Nfe2 exd3 19. Qxd3 Be6 $11) 18. Qf2 Nh5 ({Black should try} 18... g6 $11) 19. Rfe1 (19. exd5 $14 cxd5 20. Rfe1) 19... Be6 20. exd5 cxd5 (20... Bxd5 $11 {keeps the balance.} 21. Rxe8+ Qxe8) 21. Re5 $16 g6 22. Rae1 {[%emt 0:01:30][%cal Od3g6] Threatens to win with Bxg6!} Ng7 23. Qd2 (23. Bb5 {simplifies} Rf8 24. Qd2 Qh4 25. Nxd5 Bxd5 26. Rxd5 Rfd8 27. Rde5) 23... Qh4 24. Nb5 {[%emt 0:03:21] And now Nc7 would win.} (24. Nxd5 $2 {perishes.} Bxd5 25. Rxe8+ Nxe8 $19) 24... Rec8 {[%emt 0:07:16][%cal Be8c8,Bc8c7,Bc7c6,Bc6b6][%mdl 32] Prevents Nc7.} 25. Nd6 Rc7 26. Qe2 $2 {[%emt 0:02:12] [#]} (26. Bb1 $11) 26... Qg3 $2 (26... Rc6 $1 $19 27. Nxb7 f6) 27. h4 $2 {[%emt 0:02:12][%mdl 8192] [#]} (27. Nb5 $11 {and White stays safe.} Rc6 28. Qd2) 27... Rc6 $1 $19 28. Nxb7 f6 29. Bb5 Rb6 {[%emt 0:00:57] Chess con chili.} 30. Rc1 $2 (30. Rxe6 Rxe6 31. Qxe6+ Nxe6 32. Rxe6) 30... fxe5 {[%emt 0:02:29] Black is clearly winning.} 31. Rc7 e4 {[%emt 0:08:34] ...exf3 is the strong threat.} 32. fxe4 f3 33. Qxf3 Qxc7 {[%emt 0:00:30] Weighted Error Value: White=1.17/Black=0.16 (very precise)} 0-1